 Dungeon Crawl Stone Soup version 0.22-a0-614-g34fbaa0 (webtiles) character file.

72 pmoppi the Stinger (level 4, -4/27 HPs)
             Began as an Octopode Venom Mage on July 20, 2018.
             Slain by an orc
             ... wielding a +0 flail of protection
              (7 damage)
             ... on level 2 of the Dungeon.
             The game lasted 00:04:15 (1746 turns).

pmoppi the Stinger (Octopode Venom Mage)            Turns: 1746, Time: 00:04:16

Health: -4/27      AC:  1    Str:  7    XL:     4   Next: 25%
Magic:  1/8        EV: 13    Int: 18    God:
Gold:   88         SH:  0    Dex: 12    Spells: 2/8 levels left

rFire    . . .     SeeInvis .   i - -1 whip (curse)
rCold    . . .     Gourm    .   (no shield)
rNeg     . . .     Faith    .   (helmet restricted)
rPois    .         Spirit   .   (no amulet)
rElec    .         Reflect  .   (no ring)
rCorr    .         Harm     .   (no ring)
MR       .....                  (no ring)
Stlth    +++.......             (no ring)
HPRegen  0.09/turn              (no ring)
MPRegen  0.11/turn              (no ring)
                                (no ring)
                                (no ring)

@: no status effects
A: almost no armour, stealthy swim, amphibious, 8 rings, constrict 8, camouflage
1, gelatinous body 1
a: no special abilities


You were on level 2 of the Dungeon.
You were very hungry.

You visited 1 branch of the dungeon, and saw 2 of its levels.

You collected 88 gold pieces.

Inventory:

Hand Weapons
 c - a +0 short sword
 i - a cursed -1 whip (weapon)
Scrolls
 d - a scroll of random uselessness {unknown}
 e - 2 scrolls of magic mapping {unknown}
 f - a scroll of enchant armour {unknown}
 k - a scroll of remove curse {unknown}
 l - a scroll of immolation {unknown}
Potions
 a - a potion of berserk rage {unknown}
 g - a potion of ambrosia {unknown}
 h - a potion of curing {unknown}
 j - a potion of lignification {unknown}
Comestibles
 b - 5 rations


   Skills:
 - Level 2.0 Dodging
 - Level 2.6 Stealth
 + Level 2.9 Spellcasting
 - Level 2.0 Conjurations
 + Level 4.6 Poison Magic


You had 2 spell levels left.
You knew the following spells:

 Your Spells              Type           Power        Failure   Level  Hunger
a - Sting                 Conj/Pois      ##..         4%          1    None
b - Poisonous Vapours     Pois/Air       ##....       10%         2    ##.....
c - Mephitic Cloud        Conj/Pois/Air  ##......     21%         3    ###....

Your spell library contained the following spells:

 Spells                   Type           Power        Failure   Level  Hunger
 Venom Bolt               Conj/Pois      ##........   75%         5    ######.
 Olgreb's Toxic Radiance  Pois           ###.....     24%         4    ####...


Dungeon Overview and Level Annotations

Branches:
Dungeon (2/15)

Altars:


Innate Abilities, Weirdness & Mutations

You cannot wear most types of armour.
You are very stealthy in the water. (Stealth+)
You are amphibious.
You can wear up to eight rings at the same time.
You can use your tentacles to constrict eight enemies at once.
Your skin changes colour to match your surroundings (Stealth+).
Your rubbery body absorbs attacks. (AC +1, EV +1)


Message History

You constrict the orc, but do no damage.
The orc hits you with a flail of protection!
* * * LOW HITPOINT WARNING * * *
You hit the orc but do no damage.
The orc is moderately wounded.
You constrict the orc, but do no damage.
The orc completely misses you.
You hit the orc but do no damage.
The orc is moderately wounded.
You constrict the orc.
The orc wizard gestures wildly while chanting.
The orc wizard flickers and vanishes!
Deactivating autopickup; reactivate with Ctrl-A.
The orc hits you with a flail of protection.
* * * LOW HITPOINT WARNING * * *
You hit the orc but do no damage.
The orc is heavily wounded.
You constrict the orc.
The orc hits you with a flail of protection!
You die...

# ######## ####.#
#..[.(.# #.....#
####.####.####.......
#.##.####.@oK{.......
#.##.#..######......!
###.##.#..# .......
#......#..# .......
######'##.#..#####
o...$..
#.......#.#..#...#
....o..
#.......#.#..#.#.#
o....K.
#.......#.#.<....#
..o....
#.......#)#..#.###


You could see an orc and a kobold.

Vanquished Creatures
  An orc wizard (D:2)
  An adder (D:2)
  2 dart slugs (D:1)
  An orc (D:2)
  4 bats (D:1)
  2 hobgoblins (D:1)
  4 jackals (D:1)
  3 frilled lizards (D:1)
  5 goblins (D:1)
  6 kobolds (D:1)
  2 rats (D:1)
31 creatures vanquished.

Notes
Turn   | Place    | Note
-------+----------+-------------------------------------------
     0 | D:1      | pmoppi the Octopode Venom Mage began the quest for the Orb.
     0 | D:1      | Reached XP level 1. HP: 11/11 MP: 3/3
   187 | D:1      | Reached XP level 2. HP: 17/17 MP: 3/5
   191 | D:1      | Learned a level 2 spell: Poisonous Vapours
   653 | D:1      | Reached skill level 4 in Poison Magic
   999 | D:1      | Reached XP level 3. HP: 21/21 MP: 1/6
  1004 | D:1      | Learned a level 3 spell: Mephitic Cloud
  1741 | D:2      | Reached XP level 4. HP: 17/27 MP: 0/8
  1746 | D:2      | Slain by an orc

Vault maps used:
D:1:      lemuel_arrival_behind_the_door_large
D:2:      lemuel_blue_sif_altar

Skill      XL: |  1  2  3 |
---------------+----------+-----
Poison Magic   | 4 |  4.6
Conjurations   | 2 |  2.0
Dodging        | |  2.0
Stealth        | |  2.6
Spellcasting   | |  2.9

Action                   |  1- 3 |  4- 6 || total
-------------------------+-------+-------++-------
Melee: Short sword       |     7 |       ||     7
       Tentacles         |     6 |       ||     6
       Constrict         |     7 |     1 ||     8
       Unarmed           |     1 |       ||     1
       Whip              |    13 |     5 ||    18
 Cast: Sting             |     8 |       ||     8
       Poisonous Vapours |    25 |       ||    25
       Mephitic Cloud    |     1 |       ||     1
 Stab: Confused          |     1 |       ||     1
  Eat: Chunk             |     3 |       ||     3
Dodge: Dodged            |    12 |     2 ||    14

Table legend:
 A = Spawn XP
 B = Non-spawn XP
 C = Spawn XP percentage of total XP
 D = Spawn monster count
 E = Non-spawn monster count
 F = Spawn count percentage of total count
 G = Total turns spent on level
                    A         B        C        D         E        F      G
               +---------+---------+-------+---------+---------+-------+---------
         Total |       0 |     103 |   0.0 |       0 |      31 |   0.0 |  1746
               +---------+---------+-------+---------+---------+-------+---------
           D:1 |       0 |      47 |   0.0 |       0 |      28 |   0.0 |  1613
           D:2 |       0 |      56 |   0.0 |       0 |       3 |   0.0 |   133
               +---------+---------+-------+---------+---------+-------+---------
